 Dungeon Crawl Stone Soup version 0.28-a0-655-g4eb62b627b (webtiles) character file.

Game seed: 6894496285728479017

6832 ytrimaz the Protected (level 10, -2/61 HPs)
             Began as a Minotaur Fighter on Oct 12, 2021.
             Was a Believer of Cheibriados.
             Killed from afar by a steam dragon (15 damage)
             ... with a ball of steam
             ... on level 9 of the Dungeon.
             The game lasted 00:20:49 (10996 turns).

ytrimaz the Protected (Minotaur Fighter)           Turns: 10996, Time: 00:20:50

Health: -2/61      AC: 19    Str: 30    XL:     10   Next: 77%
Magic:  7/7        EV: 16    Int: 11    God:    Cheibriados [**....]
Gold:   704        SH: 12    Dex: 22    Spells: 9/9 levels left

rFire   . . .      SeeInvis .   j - +1 falchion (protect)
rCold   . . .      Faith    .   c - +0 buckler
rNeg    . . .      Spirit   .   w - +0 plate armour
rPois   .          Reflect  +   z - +2 hat
rElec   .          Harm     .   i - +2 cloak
rCorr   .          Rampage  .   (no gloves)
Will    .....      Rage     3%  (no boots)
Stlth   ..........              q - amulet of reflection
HPRegen 0.20/turn               l - +6 ring of dexterity
MPRegen 0.10/turn               y - +4 ring of evasion

@: on berserk cooldown, slowed, very slow
A: horns 2, retaliatory headbutt, [berserk 2], [deterioration 1], [frail 3],
[low mp 3], [screaming 1], [subdued magic 3]
a: Renounce Religion, Bend Time


You were on level 9 of the Dungeon.
You worshipped Cheibriados.
Cheibriados was pleased with you.
You visited 2 branches of the dungeon, and saw 10 of its levels.
You visited the Abyss 1 time.
You also visited: Sewer and Ossuary.

You collected 704 gold pieces.

Inventory:

Hand Weapons
 a - a +3 war axe
 j - a +1 falchion of protection (weapon)
Armour
 c - a +0 buckler (worn)
 g - a +0 kite shield
 i - a +2 cloak (worn)
 m - a +0 tower shield
 w - a +0 plate armour (worn)
 z - a +2 hat (worn)
Jewellery
 f - a ring of willpower
 l - a +6 ring of dexterity (left hand)
 q - an amulet of reflection (around neck)
 y - a +4 ring of evasion (right hand)
Wands
 h - a wand of acid (24)
 k - a wand of polymorph (11)
 t - a wand of flame (12)
 C - a wand of iceblast (13)
 F - a wand of paralysis (17)
Scrolls
 b - a scroll of vulnerability
 e - 5 scrolls of blinking
 p - 3 scrolls of amnesia
 s - 3 scrolls of enchant armour
 B - 3 scrolls of fear
 E - a scroll of summoning
Potions
 d - a potion of flight
 n - 2 potions of lignification {unknown}
 o - 3 potions of curing
 x - 4 potions of heal wounds
 G - a potion of invisibility {unknown}


   Skills:
 * Level 7.9 Fighting
 + Level 9.3 Long Blades
 - Level 8.7 Axes
 + Level 9.3 Armour
 + Level 6.8 Dodging
 + Level 7.3 Shields
 * Level 3.1 Invocations


You had 9 spell levels left.
You didn't know any spells.
Your spell library contained the following spells:

 Spells                   Type           Power      Damage    Failure   Level
 Sandblast                Erth           0%         2d4       90%         1
 Blink                    Tloc           N/A        N/A       97%         2
 Passwall                 Tmut/Erth      0%         N/A       97%         2
 Stone Arrow              Conj/Erth      0%         3d7       100%        3
 Swiftness                Air            0%         N/A       100%        3
 Freezing Cloud           Conj/Ice/Air   0%         6-21      100%        5
 Manifold Assault         Tloc           0%         N/A       100%        5
 Invisibility             Hex            0%         N/A       100%        6
 Simulacrum               Ice/Necr       0%         N/A       100%        6
 Storm Form               Tmut/Air       0%         N/A       100%        7
 Polar Vortex             Ice            0%         N/A       100%        9


Dungeon Overview and Level Annotations

Branches:
Dungeon (9/15)             Temple (1/1) D:7           Sewer (visited)
Ossuary (visited)
   Lair: D:8-11         Orc: D:9-12

Altars:
Ashenzari
Cheibriados
Dithmenos
Elyvilon
Fedhas
Gozag
Hepliaklqana
Kikubaaqudgha
Makhleb
Nemelex Xobeh
Okawaru
Qazlal
Ru
Sif Muna
Trog
Uskayaw
Vehumet
Wu Jian
Xom
Yredelemnul
Zin
The Shining One

Shops:
D:8 *

Annotations:
D:3 exclusion: upstairs


Innate Abilities, Weirdness & Mutations

You have a pair of horns on your head.
You reflexively headbutt those who attack you in melee.
[You often lose your temper in combat.]
[Your body sometimes deteriorates upon taking damage.]
[You are extremely frail. (-30% HP)]
[Your magical capacity is extremely low. (-30% MP)]
[You occasionally shout uncontrollably at your foes.]
[Your spells are much easier to cast, but much less powerful.]


Message History

You block the howler monkey's attack.
Your Invocations skill increases to level 3!
The howler monkey hits you but does no damage.
You block the howler monkey's attack.
You see here a troll corpse.
Unknown command.
A red film seems to cover your vision as you go berserk!
Cheibriados protects you from inadvertent hurry.
You feel mighty!
You closely miss the howler monkey.
The howler monkey is heavily wounded.
You block the howler monkey's attack.
You slash the howler monkey!
You kill the howler monkey!
Cheibriados thoroughly appreciates the change of pace.
Cheibriados raises the support of your attributes as your movement slows.
Unknown command.
Calm down first, please.
Calm down first, please.
Unknown command.
You now have 704 gold pieces (gained 11).
You feel a strong urge to attack something.
You are no longer berserk.
You are exhausted.
You feel yourself slow down.
A steam dragon comes into view.
The steam dragon moves out of view.
A steam dragon is nearby!
A steam dragon is nearby!
The steam dragon hisses angrily.
You see here a troll corpse.
The steam dragon breathes steam at you. The ball of steam hits you!
You hear a howl!
You are engulfed in a cloud of scalding steam.
* * * LOW HITPOINT WARNING * * *
You block the steam dragon's attack.
The steam dragon claws you but does no damage.
The steam dragon breathes steam at you. The ball of steam hits you!
You die...

#### #.## ....
... #.......( #
... ..###
#.#######.####...
......##.....###
(....#D........
#..#@........
#......#####
##..†§†##
##..†##.#
#.......#
.......##.#
######
#####.###.#
##.....
###.###.####
####..####
#..........#
#.##..#


You could see a steam dragon (catching breath).

Vanquished Creatures
  A manticore (D:8)
  Psyche (D:8)
  A troll (D:9)
  Sigmund (D:4)
  4 wraiths
  A shadow (D:6)
  2 wyverns
  2 steam dragons (D:7)
  3 water moccasins
  An ice beast (D:8)
  2 sky beasts
  Purgy (Sewer)
  2 orc warriors
  3 black bears
  A necrophage (D:6)
  4 ogres
  3 centaurs
  A kobold brigand (D:9)
  A bullfrog (D:5)
  A wyvern zombie (D:8)
  A gnoll sergeant (D:5)
  5 scorpions
  2 water moccasin skeletons (D:5)
  10 killer bees
  3 howler monkeys
  7 wights
  2 bullfrog zombies (D:5)
  A centaur zombie (D:9)
  5 orc priests
  4 hounds
  Jessica (D:2)
  2 gnoll shamans
  Ijyb (D:4)
  An iguana (D:6)
  11 orc wizards
  2 killer bee zombies
  Robin (D:4)
  11 gnolls
  A howler monkey skeleton (D:6)
  11 adders
  A shadow imp (D:7)
  2 white imps
  An ufetubus (D:7)
  An adder zombie (Ossuary)
  An adder skeleton (D:4)
  5 worms
  39 orcs
  9 ball pythons
  5 endoplasms
  2 giant cockroaches
  21 goblins
  7 hobgoblins
  3 quokkas
  3 ball python skeletons (Ossuary)
  12 bats
  2 frilled lizards (D:2)
  2 hobgoblin skeletons (Ossuary)
  A hobgoblin zombie (Ossuary)
  13 kobolds
  A kobold zombie (Ossuary)
  An orc zombie (Ossuary)
  9 rats
259 creatures vanquished.

Vanquished Creatures (others)
  3 fungi (D:3)
  2 plants (D:4)
5 creatures vanquished.

Grand Total: 264 creatures vanquished

Notes
Turn   | Place    | Note
-------+----------+-------------------------------------------
     0 | D:1      | ytrimaz the Minotaur Fighter began the quest for the Orb.
     0 | D:1      | Reached XP level 1. HP: 19/19 MP: 0/0
   246 | D:1      | Reached XP level 2. HP: 26/27 MP: 1/1
   889 | D:2      | Found a faded altar of an unknown god.
   919 | D:2      | Reached XP level 3. HP: 33/33 MP: 2/2
   970 | D:2      | Noticed Jessica
   979 | D:2      | Killed Jessica
  1238 | D:2      | Reached skill level 1 in Dodging
  1238 | D:2      | Reached XP level 4. HP: 39/40 MP: 3/3
  1960 | D:3      | Noticed a sky beast
  1967 | D:3      | Killed a sky beast
  1968 | D:3      | Reached XP level 5. HP: 47/47 MP: 4/4
  2089 | D:3      | Found an ornate altar of the Wu Jian Council.
  2174 | D:3      | Found a stormy altar of Qazlal.
  2182 | D:3      | You fall into a shaft and drop 3 floors!
  2282 | D:6      | Noticed an ogre
  2296 | D:6      | Reached skill level 5 in Armour
  2299 | D:6      | Reached skill level 5 in Axes
  2299 | D:6      | Reached XP level 6. HP: 7/53 MP: 5/5
  2571 | D:6      | Reached skill level 5 in Fighting
  2764 | D:6      | Reached XP level 7. HP: 61/61 MP: 6/6
  3222 | D:6      | Noticed a shadow
  3238 | D:6      | Killed a shadow
  3513 | D:5      | Entered Level 5 of the Dungeon
  3800 | D:5      | Reached XP level 8. HP: 50/68 MP: 7/7
  3985 | D:5      | Found a glowing drain.
  4021 | Sewer    | Entered a sewer
  4284 | Sewer    | Noticed Purgy
  4293 | Sewer    | Killed Purgy
  4531 | D:5      | Reached skill level 5 in Dodging
  5053 | D:6      | Reached skill level 1 in Long Blades
  5466 | D:4      | Noticed Robin
  5492 | D:4      | Killed Robin
  5712 | D:4      | Found a bloodstained altar of Trog.
  5738 | D:4      | Reached XP level 9. HP: 45/78 MP: 8/8
  5965 | D:4      | Noticed Ijyb
  5979 | D:4      | Killed Ijyb
  6429 | D:4      | Noticed Sigmund
  6439 | D:4      | Killed Sigmund
  7128 | D:7      | Reached skill level 5 in Long Blades
  7128 | D:7      | Reached skill level 5 in Shields
  7349 | D:7      | Found a staircase to the Ecumenical Temple.
  7417 | D:7      | Found the amulet of the Air {Inacc Air Fly rElec RMsl}
  7663 | Temple   | Entered the Ecumenical Temple
  7977 | Temple   | Became a worshipper of Cheibriados the Contemplative
  8518 | D:8      | Found a sand-covered staircase.
  8533 | Ossuary  | Entered an ossuary
  8815 | Ossuary  | Reached XP level 10. HP: 86/86 MP: 9/9
  8942 | D:8      | Found a broken altar of Ashenzari.
  8992 | D:8      | Found Gogedigh's Serpentskin Sales.
  9297 | D:9      | Reached * piety under Cheibriados
  9519 | D:8      | Reached ** piety under Cheibriados
  9621 | D:8      | Reached skill level 1 in Invocations
  9718 | D:8      | Found a blossoming altar of Fedhas.
  9720 | D:8      | Noticed a manticore
  9730 | D:8      | Killed a manticore
 10080 | D:8      | Noticed Psyche
 10086 | D:8      | Cast into level 1 of the Abyss (Psyche)
 10161 | Abyss:1  | Noticed a wretched star
 10194 | D:8      | Escaped the Abyss
 10199 | D:8      | Killed Psyche
 10996 | D:9      | Killed from afar by a steam dragon

Illustrated notes

Levels and vault maps discovered:
D:1:      amcnicky_arrival_flooded_fountain, layout_basic
D:2:      minmay_alternating_diamond, layout_basic,
          ebering_ecumenical_altar_webs, minmay_pentomino_w2, uniq_jessica
D:3:      layout_rooms, nicolae_qazlal_eye_of_the_storm,
          mainiacjoe_overflow_boulevard
D:4:      layout_loops_ring, trog_ov_bears_minmay, serial_forest,
          infiniplex_forest_clump_small, infiniplex_forest_straight_5,
          infiniplex_forest_lined_2, infiniplex_forest_lined_3,
          infiniplex_forest_clump_double, infiniplex_forest_lined_room_,
          infiniplex_forest_end_1, infiniplex_forest_lined_corner,
          infiniplex_forest_lined_3, uniq_robin, uniq_sigmund, uniq_ijyb
D:5:      layout_loops_ring, portal_sewer_entry_a
D:6:      layout_gridville
D:7:      layout_loops_ring, temple_fountains, serial_bayou_pond_a,
          hellmonk_bongcloud_opening, roderic_roman_lattice,
          kennysheep_generic_room_10
D:8:      layout_basic, fedhas_bush_and_centaur_altar,
          ashenzari_conservatory_becter, nicolae_ossuary_entry_plus,
          special_room [special_room_orc], chequers_garden, guppyfry_shop_venom,
          uniq_psyche
D:9:      layout_loops_ring, orc_0_dummy, amcnicky_mini_rare_corridor_liquid,
          chequers_serial_rivers_small_3, minmay_puff, uniq_grum
Temple:   minmay_temple_bridge_d

Skill      XL: |  1  2  3  4  5  6  7  8  9 10 |
---------------+-------------------------------+-----
Fighting       | 4 5 6 7 |  7.9
Armour         | 4 5 6 7 8 9 |  9.3
Axes           | 3 4 5 6 7 8 |  8.7
Shields        | 4 6 7 |  7.3
Dodging        | 1 2 3 4 5 6 |  6.8
Long Blades    | 2 7 9 |  9.3
Invocations    | 3 |  3.1

Action                   |  1- 3 |  4- 6 |  7- 9 | 10-12 || total
-------------------------+-------+-------+-------+-------++-------
Melee: War axe           |    61 |    73 |   116 |       ||   250
       Headbutt          |     9 |    12 |    93 |    66 ||   180
       Falchion          |       |       |   265 |   207 ||   472
Invok: Bend Time         |       |       |       |     5 ||     5
  Use: Scroll            |     1 |     2 |     9 |     6 ||    18
       Potion            |       |     1 |     4 |       ||     5
Armor: Scale mail        |    27 |    45 |   110 |       ||   182
       Plate armour      |       |       |    81 |    92 ||   173
Dodge: Dodged            |    41 |    43 |   242 |   144 ||   470
Block: Buckler           |    17 |    19 |   241 |   168 ||   445
       Reflection        |       |       |     9 |     4 ||    13

Table legend: (Time is in decaauts)
 A = Elapsed time spent in this place.
 B = Non-inter-level travel time spent in this place.
 C = Inter-level travel time spent in this place.
 D = Time resting spent in this place.
 E = Time spent auto-exploring this place.
 F = Levels seen in this place.
 G = Mean time per level.
                   A        B        C        D        E       F      G
               +--------+--------+--------+--------+--------+-----+--------+
         Total |  11720 |  11201 |    519 |   1579 |   6910 |  13 |  901.5 |
       Dungeon |  10234 |   9804 |    430 |   1122 |   6517 |   9 | 1137.1 |
        Temple |    404 |    316 |     88 |      0 |    212 |   1 |  404.0 |
         Abyss |    146 |    146 |      0 |      2 |     95 |   1 |  146.0 |
         Sewer |    460 |    460 |      0 |    355 |     34 |   1 |  460.0 |
       Ossuary |    475 |    475 |      0 |    100 |     51 |   1 |  475.0 |
               +--------+--------+--------+--------+--------+-----+--------+

Top non-repeatable levels by time:
     D:8: 1860 daAuts
     D:6: 1855 daAuts
     D:4: 1237 daAuts
     D:5: 1173 daAuts
     D:2: 1096 daAuts
     D:7: 984 daAuts
     D:1: 822 daAuts
     D:9: 715 daAuts
     D:3: 490 daAuts
 Ossuary: 475 daAuts
   Sewer: 460 daAuts
  Temple: 404 daAuts
 Abyss:1: 146 daAuts
